 Dungeon Crawl Stone Soup version 0.27.1-34-g3ba077fa99 (webtiles) character file.

Game seed: 7864339892503748256

3952 alasdair19 the Carver (level 10, -7/86 HPs)
             Began as a Minotaur Fighter on Jan 3, 2022.
             Was a Priest of Okawaru.
             Mangled by a two-headed ogre (25 damage)
             ... on level 8 of the Dungeon.
             The game lasted 00:21:06 (9082 turns).

alasdair19 the Carver (Minotaur Fighter)            Turns: 9082, Time: 00:21:07

Health: -7/86      AC: 14    Str: 23    XL:     10   Next: 2%
Magic:  8/10       EV:  4    Int:  6    God:    Okawaru [***...]
Gold:   325        SH: 22    Dex: 10    Spells: 9/9 levels left

rFire    . . .     SeeInvis .   e - +0 scimitar
rCold    . . .     Faith    .   A - +0 tower shield
rNeg     . . .     Spirit   .   i - +0 plate armour
rPois    .         Reflect  +   (helmet restricted)
rElec    .         Harm     .   n - scarf {repulsion}
rCorr    .         Rampage  .   (no gloves)
Will     +....                  (no boots)
Stlth    ..........             k - amulet of reflection
HPRegen  0.24/turn              d - ring of willpower
MPRegen  0.12/turn              t - ring "Sygid" {Fly Stlth+}

@: flying, repel missiles
A: horns 2, retaliatory headbutt
a: Renounce Religion, Heroism


You were on level 8 of the Dungeon.
You worshipped Okawaru.
Okawaru was most pleased with you.
You visited 2 branches of the dungeon, and saw 9 of its levels.
You also visited: Sewer.

You collected 325 gold pieces.

Inventory:

Hand Weapons
 a - a +0 long sword
 e - a +0 scimitar (weapon)
 m - a +2 dagger of electrocution
 q - a +0 hunting sling
Missiles
 h - 6 atropa-tipped darts (quivered)
 w - 11 poisoned darts
Armour
 c - a +0 kite shield
 i - a +0 plate armour (worn)
 n - a scarf of repulsion (worn)
 A - a +0 tower shield (worn)
Jewellery
 d - a ring of willpower (left hand)
 k - an amulet of reflection (around neck)
 t - the ring "Sygid" (right hand) {Fly Stlth+}
   (You found it on level 6 of the Dungeon)

   [ring of flight]

   Fly:       It grants you flight.
   Stlth:     It makes you more stealthy.
Scrolls
 b - a scroll of vulnerability {unknown}
 l - a scroll of blinking
 s - a scroll of amnesia {unknown}
 u - a scroll of enchant weapon {unknown}
 x - a scroll of teleportation {unknown}
 y - 2 scrolls of noise {unknown}
 B - a scroll of immolation {unknown}
Potions
 f - 3 potions of flight
 g - 2 potions of ambrosia
 j - 2 potions of curing
 o - a potion of heal wounds
 p - 2 potions of resistance
 v - 2 potions of cancellation
 z - a potion of degeneration {unknown}


   Skills:
 + Level 7.2 Fighting
 + Level 10.1 Long Blades
 + Level 1.8 Throwing
 + Level 8.8 Armour
 + Level 9.9 Shields
 * Level 1.9 Invocations


You had 9 spell levels left.
You didn't know any spells.
Your spell library contained the following spells:

 Spells                   Type           Power      Damage    Failure   Level
 Animate Skeleton         Necr           0%         N/A       100%        1
 Apportation              Tloc           0%         N/A       100%        1
 Beastly Appendage        Tmut           0%         N/A       100%        1
 Corona                   Hex            0%         N/A       100%        1
 Freeze                   Ice            0%         1d3       100%        1
 Shock                    Conj/Air       0%         1d3       100%        1
 Summon Small Mammal      Summ           0%         N/A       100%        1
 Corpse Rot               Necr/Air       N/A        N/A       100%        2
 Poisonous Vapours        Pois/Air       0%         N/A       100%        2
 Wereblood                Tmut           0%         N/A       100%        2
 Frozen Ramparts          Ice            0%         1d2       100%        3
 Inner Flame              Hex/Fire       0%         N/A       100%        3
 Spider Form              Tmut/Pois      0%         N/A       100%        3
 Swiftness                Air            0%         N/A       100%        3
 Airstrike                Air            0%         N/A       100%        4
 Cause Fear               Hex            0%         N/A       100%        4
 Hailstorm                Conj/Ice       0%         3d3       100%        4
 Ice Form                 Ice/Tmut       0%         N/A       100%        4
 Summon Ice Beast         Ice/Summ       0%         N/A       100%        4
 Freezing Cloud           Conj/Ice/Air   0%         6-21      100%        5
 Discord                  Hex            0%         N/A       100%        8


Dungeon Overview and Level Annotations

Branches:
Dungeon (8/15)             Temple (1/1) D:5            Lair (0/6) D:8
  Sewer (visited)

Altars:
Ashenzari
Cheibriados
Dithmenos
Elyvilon
Fedhas
Gozag
Hepliaklqana
Kikubaaqudgha
Makhleb
Nemelex Xobeh
Okawaru
Qazlal
Ru
Sif Muna
Trog
Vehumet
Yredelemnul
Zin
The Shining One

Shops:
D:3 :   D:4 (

Annotations:
D:5 Duvessa


Innate Abilities, Weirdness & Mutations

You have a pair of horns on your head.
You reflexively headbutt those who attack you in melee.


Message History

You hit the red ugly thing but do no damage.
You headbutt the red ugly thing.
The red ugly thing is moderately wounded.
You block the red ugly thing's attack.
You slash the red ugly thing!
The red ugly thing is heavily wounded.
You block the red ugly thing's attack.
You hit the red ugly thing but do no damage.
Your headbutt misses the red ugly thing.
The red ugly thing is heavily wounded.
You slice the red ugly thing!!
The red ugly thing is severely wounded.
You block the red ugly thing's attack.
You closely miss the red ugly thing.
The red ugly thing is severely wounded.
The red ugly thing bites you but does no damage.
You slice the red ugly thing!!
You kill the red ugly thing!
Okawaru accepts your kill.
You have reached level 10!
You hit the kobold but do no damage. The kobold hits you but does no damage.
You closely miss the kobold.
You hit the two-headed ogre but do no damage.
You feel like a meek peon again.
You slash the two-headed ogre!
The two-headed ogre is moderately wounded.
The two-headed ogre hits you but does no damage. x2
You block the kobold's attack.
Your shield and plate armour prevent you from hitting the two-headed ogre.
Your headbutt misses the two-headed ogre.
The two-headed ogre is moderately wounded.
The two-headed ogre hits you with a +0 giant club!
The two-headed ogre hits you with a +0 giant spiked club!
* * * LOW HITPOINT WARNING * * *
You block the kobold's attack.
You hit the kobold. Your headbutt misses the kobold.
The kobold is severely wounded.
You block the kobold's attack.
The two-headed ogre hits you with a +0 giant club!!
You die...

,,,**
*,*****,**,**,* **,
**** #....##,*#.#*,*
*,, #.....,,,..#*,*
**,
#..#.##,....,,******
#...........,,,,,,,,
*.K...#.!.,,,,*****,
*#..,...,,,**,*****,
#.##)#.#*,**,**,,,,
#K@OK..#*,**,,,,,,,
####.#.....,,,,,,,,
*.#*,...,,,,,,,,
****.#*,,,.,,,,,,,,
**,,,.#*,,,,,,,,,,,,
*,,,,..*,,,,,,,,,,,,
*,,,,..******,,,,,,,
*,,,,(.* ********
**,,,****** *,,,,,,,


You could see a two-headed ogre, a kobold brigand and 2 kobolds.

Vanquished Creatures
  An ugly thing (D:8)
  Sigmund (D:2)
  Eustachio (D:5)
  6 yaks (D:6)
  A wyvern (D:7)
  A steam dragon (D:7)
  3 water moccasins
  An ice beast (D:7)
  3 necrophages
  An ogre (D:4)
  3 centaurs
  A phantom (D:6)
  A bullfrog (D:7)
  A kobold brigand (Sewer)
  Blork the orc (D:5)
  A scorpion (D:6)
  Dowan (D:5)
  2 centaur zombies
  2 bullfrog skeletons
  A jelly (D:6)
  4 orc priests
  2 hounds
  2 iguanas (D:6)
  2 orc wizards
  A hound skeleton (D:4)
  Robin (D:4)
  4 gnolls (D:5)
  8 adders
  A shadow imp (D:5)
  A white imp (D:7)
  An ufetubus (D:5)
  A worm (D:3)
  3 dart slugs
  22 orcs
  7 endoplasms
  3 giant cockroaches
  13 goblins
  6 hobgoblins
  6 jackals
  10 kobolds
  3 quokkas
  3 ball pythons (D:1)
  6 bats
  4 frilled lizards
  10 rats
157 creatures vanquished.

Vanquished Creatures (others)
  An orc wizard (D:3)
1 creature vanquished.

Grand Total: 158 creatures vanquished

Notes
Turn   | Place    | Note
-------+----------+-------------------------------------------
     0 | D:1      | alasdair19 the Minotaur Fighter began the quest for the
                  | Orb.
     0 | D:1      | Reached XP level 1. HP: 19/19 MP: 0/0
   401 | D:1      | Found a faded altar of an unknown god.
   492 | D:1      | Reached XP level 2. HP: 27/27 MP: 1/1
   701 | D:1      | You fall into a shaft and drop 1 floor!
   742 | D:2      | Reached XP level 3. HP: 32/33 MP: 2/2
   901 | D:2      | Noticed Sigmund
   911 | D:2      | HP: 1/33 [something (6)]
   913 | D:2      | Killed Sigmund
   914 | D:2      | Reached skill level 4 in Long Blades
   914 | D:2      | Reached skill level 5 in Armour
   914 | D:2      | Reached XP level 4. HP: 5/41 MP: 3/3
   914 | D:2      | Reached XP level 5. HP: 6/47 MP: 4/4
  2828 | D:3      | Reached XP level 6. HP: 28/55 MP: 5/5
  3043 | D:3      | Found Xeemicis's Book Shop.
  3634 | D:4      | Reached skill level 5 in Fighting
  3777 | D:4      | Reached skill level 5 in Long Blades
  3777 | D:4      | Reached skill level 5 in Shields
  4245 | D:4      | Noticed Robin
  4273 | D:4      | Killed Robin
  4365 | D:4      | Found Jallot's Antique Weapon Boutique.
  4713 | D:4      | Reached XP level 7. HP: 58/61 MP: 6/6
  4745 | D:4      | Found a burning altar of Makhleb.
  5016 | D:5      | Entered Level 5 of the Dungeon
  5021 | D:5      | Noticed Blork the orc
  5026 | D:5      | Killed Blork the orc
  5039 | D:5      | Found a glowing drain.
  5045 | D:5      | Reached skill level 6 in Long Blades
  5056 | Sewer    | Entered a sewer
  5151 | Sewer    | Found a white marble altar of Elyvilon.
  5277 | D:5      | Noticed Eustachio
  5289 | D:5      | Found a staircase to the Ecumenical Temple.
  5303 | D:5      | Killed Eustachio
  5488 | D:5      | Found a shadowy altar of Dithmenos.
  5489 | D:5      | Found a bloodstained altar of Trog.
  5489 | D:5      | Found a basalt altar of Yredelemnul.
  5489 | D:5      | Found a blossoming altar of Fedhas.
  5513 | D:5      | Noticed Dowan
  5514 | D:5      | Noticed Duvessa
  5544 | D:4      | Reached XP level 8. HP: 57/70 MP: 7/7
  5641 | D:5      | Killed Dowan
  6023 | Temple   | Entered the Ecumenical Temple
  6135 | Temple   | Became a worshipper of Warmaster Okawaru
  6314 | D:6      | Found a sacrificial altar of Ru.
  6336 | D:6      | Reached skill level 7 in Long Blades
  6478 | D:6      | Reached skill level 1 in Throwing
  7029 | D:6      | Identified the ring "Sygid" {Fly Stlth+}
  7046 | D:6      | Reached * piety under Okawaru
  7069 | D:6      | Reached skill level 8 in Long Blades
  7073 | D:6      | Reached ** piety under Okawaru
  7074 | D:6      | Reached XP level 9. HP: 48/75 MP: 8/8
  7117 | D:6      | Reached skill level 9 in Long Blades
  8024 | D:7      | Reached *** piety under Okawaru
  8670 | D:7      | Reached skill level 1 in Invocations
  8819 | D:7      | Reached skill level 10 in Long Blades
  9057 | D:8      | Noticed a red ugly thing
  9059 | D:8      | Noticed a two-headed ogre
  9076 | D:8      | Killed a red ugly thing
  9077 | D:8      | Reached XP level 10. HP: 46/86 MP: 8/10
  9082 | D:8      | Mangled by a two-headed ogre

Illustrated notes

Levels and vault maps discovered:
D:1:      dpeg_arrival_renting, layout_basic, chequers_ecumenical_altar_grove,
          chequers_mini_garden, hangedman_decor_growths, minmay_pentomino_s4
D:2:      layout_basic, uniq_sigmund
D:3:      layout_loops_corners, serial_shops, shop, kennysheep_doodads,
          chequers_avenue, nrook_mini_backslash
D:4:      layout_layer_cave, makhleb_blood_cavern_becter, serial_shops,
          nicolae_square_shop, uniq_robin
D:5:      layout_rooms, minitemple, temple_pool_b, portal_sewer_entry_d,
          uniq_duvessa, uniq_blork_the_orc, uniq_eustachio
D:6:      layout_loops_corners, nicolae_ru_sacrificial_ziggurat
D:7:      layout_layer_cave
D:8:      layout_loops_cross, nicolae_wu_jian_wuxing_cycle, lair_entry_dummy,
          enter_bailey_8, feat_on_display, uniq_erica
Temple:   bh_familiar_temple

Skill      XL: |  1  2  3  4  5  6  7  8  9 |
---------------+----------------------------+-----
Armour         | 4 5 6 7 8 |  8.8
Shields        | 4 5 6 8 9 |  9.9
Fighting       | 4 5 6 7 |  7.2
Long Blades    | 4 5 6 8 10 | 10.1
Throwing       | 1 |  1.8
Invocations    | 1 |  1.9

Action                   |  1- 3 |  4- 6 |  7- 9 | 10-12 || total
-------------------------+-------+-------+-------+-------++-------
Melee: Long sword        |    66 |    27 |       |       ||    93
       Headbutt          |     5 |    18 |    53 |       ||    76
       Scimitar          |       |   126 |   289 |     6 ||   421
Throw: Dart              |     1 |     6 |     6 |       ||    13
Invok: Heroism           |       |       |     1 |       ||     1
  Use: Potion            |     2 |     1 |     2 |       ||     5
       Scroll            |       |     5 |     5 |       ||    10
 Stab: Invisible         |       |     1 |       |       ||     1
Armor: Scale mail        |    40 |    26 |       |       ||    66
       Plate armour      |       |    33 |   172 |     3 ||   208
       Chain mail        |       |     9 |       |       ||     9
Dodge: Dodged            |    20 |    41 |    29 |       ||    90
       Repelled          |       |       |     1 |       ||     1
Block: Kite shield       |    39 |    72 |       |       ||   111
       Tower shield      |       |       |   354 |     3 ||   357
       Reflection        |       |       |    10 |       ||    10
       Rpst.: Long sword |     4 |     5 |       |       ||     9
       Scimitar          |       |     8 |    12 |       ||    20
